 Dungeon Crawl Stone Soup version 0.30-a0-743-gbfdf073431 (webtiles) character file.

Game seed: 3486156545355754065

721 gelatine the Firebug (level 7, -11/50 HPs)
             Began as a Demonspawn Fire Elementalist on Feb 6, 2023.
             Was an Initiate of Sif Muna.
             Mangled by Duvessa
             ... wielding a +0 short sword
              (14 damage)
             ... on level 5 of the Dungeon.
             The game lasted 00:11:42 (4675 turns).

gelatine the Firebug (Demonspawn Fire Elementalist) Turns: 4675, Time: 00:11:43

Health: -11/50     AC:  5    Str:  9    XL:     7   Next: 43%
Magic:  0/12       EV: 12    Int: 24    God:    Sif Muna [......]
Gold:   281        SH:  0    Dex: 13    Spells: 10/13 levels left

rFire   . . .      SeeInvis .    k - +0 war axe
rCold   . . .      Faith    .    (no shield)
rNeg    . . .      Spirit   .    f - +0 leather armour {rPois}
rPois   +          Reflect  .    p - +1 helmet
rElec   .          Harm     .    (no cloak)
rCorr   .          Rampage  .    (gloves unavailable)
Will    .....                    (no boots)
Stlth   ++                       (no amulet)
HPRegen 0.28/turn                l - +6 ring of intelligence
MPRegen 0.13/turn                (no ring)

@: no status effects
A: spiny 2, demonic touch 3
a: Renounce Religion


You were on level 5 of the Dungeon.
You worshipped Sif Muna.
Sif Muna was noncommittal.
You visited 2 branches of the dungeon, and saw 6 of its levels.

You collected 281 gold pieces.

Inventory:

Hand Weapons
 k - a +0 war axe (weapon)
 o - a +2 dagger of venom
Missiles
 i - a throwing net
 r - 2 boomerangs of dispersal
Armour
 f - a +0 leather armour of poison resistance (worn)
 p - a +1 helmet (worn)
Jewellery
 l - a +6 ring of intelligence (left hand)
Scrolls
 c - 2 scrolls of fear {unknown}
 d - a scroll of vulnerability {unknown}
 e - a scroll of acquirement {unknown}
 h - a scroll of enchant armour
 q - a scroll of amnesia {unknown}
Potions
 a - 2 potions of mutation
 b - a potion of magic
 g - 2 potions of attraction
 j - 2 potions of haste
 m - a potion of curing
 n - a potion of brilliance


   Skills:
 * Level 2.3 Fighting
 + Level 1.6 Axes
 * Level 1.6 Armour
 * Level 3.1 Dodging
 + Level 2.3 Stealth
 + Level 0.1 Unarmed Combat
 + Level 3.5 Spellcasting
 * Level 3.2 Conjurations
 * Level 4.6 Fire Magic


You had 10 spell levels left.
You knew the following spells:

 Your Spells              Type           Power      Damage    Failure   Level
a - Foxfire               Conj/Fire      92%        2x1d8     2%          1
b - Scorch                Fire           52%        2d8       3%          2

Your spell library contained the following spells:

 Spells                   Type           Power      Damage    Failure   Level
 Apportation              Tloc           8%         N/A       14%         1
 Necrotise                Necr           16%        1d4       14%         1
 Summon Small Mammal      Summ           16%        N/A       14%         1
 Inner Flame              Hex/Fire       15%        N/A       16%         3
 Kindle Blastsparks       Fire/Tloc/Air  22%        2d11      22%         3
 Flame Wave               Conj/Fire      23%        2d8       26%         4
 Fulminant Prism          Conj/Hex       6%         3d7       56%         4
 Iskenderun's Mystic Bla  Conj/Tloc      12%        2d5       56%         4
 Airstrike                Air            2%         2d(1-17)  80%         4
 Summon Lightning Spire   Summ/Air       4%         N/A       80%         4
 Lightning Bolt           Conj/Air       6%         1d18      89%         5
 Lee's Rapid Deconstruct  Erth           2%         3d4*      98%         5


Dungeon Overview and Level Annotations

Branches:
Dungeon (5/15)             Temple (1/1) D:5

Altars:
Ashenzari
Cheibriados
Dithmenos
Fedhas
Gozag
Kikubaaqudgha
Makhleb
Nemelex Xobeh
Okawaru
Qazlal
Ru
Sif Muna
Trog
Uskayaw
Vehumet
Wu Jian
Xom
Yredelemnul

Shops:
D:1 (   D:3 =

Annotations:
D:3 1 runed translucent door
D:5 Duvessa


Innate Abilities, Weirdness & Mutations

You are mostly covered in sharp spines.
Your touch may irresistibly damage your foes and sap their willpower.


Message History

Duvessa hits you with a +0 short sword.
Casting: Scorch (safe; 3% risk of failure)
Confirm with . or Enter, or press ? or * to list all spells.
Flames lash the scorpion.
You kill the scorpion!
Sif Muna accepts your kill.
You feel very sick. Duvessa is struck by your spines.
Duvessa hits you with a +0 short sword.
Casting: Scorch (safe; 3% risk of failure)
Confirm with . or Enter, or press ? or * to list all spells.
Flames lash Duvessa.
Duvessa is lightly wounded.
Duvessa's fire resistance burns away.
You feel sick. Duvessa is struck by your spines. Duvessa barely misses you.
Duvessa hits you with a +0 short sword.
* * * LOW HITPOINT WARNING * * *
Casting: Scorch (safe; 3% risk of failure)
Confirm with . or Enter, or press ? or * to list all spells.
Flames lash Duvessa.
Duvessa is burned terribly!
Duvessa is moderately wounded.
You feel very sick. Duvessa hits you with a +0 short sword.
* * * LOW HITPOINT WARNING * * *
You feel better. Duvessa is struck by your spines.
Duvessa hits you with a +0 short sword!
* * * LOW HITPOINT WARNING * * *
Duvessa barely misses you.
Casting: Scorch (safe; 3% risk of failure)
Confirm with . or Enter, or press ? or * to list all spells.
You conjure some foxfire!
Duvessa completely misses you.
You hit Duvessa but do no damage.
You touch Duvessa!
You sap her willpower!
Duvessa is heavily wounded.
The foxfire hits Duvessa but does no damage.
Duvessa is heavily wounded.
The foxfire hits Duvessa but does no damage.
Duvessa is heavily wounded.
Duvessa hits you with a +0 short sword!
* * * LOW HITPOINT WARNING * * *
Duvessa is struck by your spines. Duvessa hits you with a +0 short sword!
You die...

#.# .. #. ...#.###.#
. ...+...#.# .
....#.#.#.#
.#+#....#)..#.#
####.......#).##.#
.........!#.....#
#.e†.....#.#####
######.@..#####.#####
#...##.#####........#
#...##.# #........#
#.).##.### #........#
.. #........#
#........# ...
#........###........#
...
###......##.....##.##
...
####......<#.######.#
#.........#..# #....#


You could see Duvessa (berserk, weak-willed, combustible).

Vanquished Creatures
  A water moccasin (D:4)
  2 scorpions (D:5)
  A necrophage (D:4)
  Dowan (D:5)
  A jelly (D:5)
  5 orc wizards
  An iguana (D:5)
  Robin (D:3)
  4 gnolls (D:4)
  4 adders
  A shadow imp (D:5)
  An ufetubus (D:5)
  A worm (D:3)
  2 dart slugs
  15 orcs
  4 bats
  An endoplasm (D:3)
  A giant cockroach (D:4)
  13 goblins
  11 hobgoblins
  4 jackals (D:1)
  5 kobolds
  6 quokkas
  9 ball pythons
  A frilled lizard (D:1)
  A goblin zombie (D:3)
  A kobold zombie (D:3)
  6 rats
104 creatures vanquished.

Vanquished Creatures (others)
  167 foxfires
167 creatures vanquished.

Grand Total: 271 creatures vanquished

Notes
Turn   | Place    | Note
-------+----------+-------------------------------------------
     0 | D:1      | gelatine the Demonspawn Fire Elementalist began the quest
                  | for the Orb.
     0 | D:1      | Reached XP level 1. HP: 13/13 MP: 3/3
   176 | D:1      | Reached skill level 3 in Fire Magic
   241 | D:1      | Gained mutation: Your touch may inflict minor irresistible
                  | damage on your foes. [demonic ancestry]
   241 | D:1      | Reached XP level 2. HP: 19/19 MP: 3/5
   446 | D:1      | Found Xaets's Antique Weapon Boutique.
  1304 | D:2      | Gained mutation: You are partially covered in sharp spines.
                  | [demonic ancestry]
  1304 | D:2      | Reached XP level 3. HP: 22/24 MP: 3/6
  1585 | D:2      | Learned a level 2 spell: Scorch
  2517 | D:3      | Gained mutation: You are mostly covered in sharp spines.
                  | [demonic ancestry]
  2517 | D:3      | Reached XP level 4. HP: 30/30 MP: 2/8
  2517 | D:3      | Noticed Robin
  2528 | D:3      | Killed Robin
  2529 | D:3      | Reached skill level 1 in Fighting
  2612 | D:3      | Found Puguz's Jewellery Shop.
  2846 | D:3      | Found a sparkling altar of Nemelex Xobeh.
  2920 | D:3      | Found an iron altar of Okawaru.
  2982 | D:3      | Found a runed translucent door.
  2983 | D:3      | Noticed a human
  2994 | D:3      | Reached XP level 5. HP: 35/37 MP: 6/9
  2996 | D:3      | Found a basalt altar of Yredelemnul.
  3648 | D:4      | Noticed a water moccasin
  3651 | D:4      | Killed a water moccasin
  3652 | D:4      | Reached skill level 1 in Axes
  3652 | D:4      | Reached skill level 1 in Armour
  3652 | D:4      | Gained mutation: Your touch may inflict irresistible damage
                  | on your foes. [demonic ancestry]
  3652 | D:4      | Reached XP level 6. HP: 36/44 MP: 6/10
  3769 | D:4      | Reached skill level 4 in Fire Magic
  3963 | D:5      | Entered Level 5 of the Dungeon
  4181 | D:5      | Gained mutation: Your touch may irresistibly damage your
                  | foes and sap their willpower. [demonic ancestry]
  4181 | D:5      | Reached XP level 7. HP: 34/50 MP: 0/12
  4482 | D:5      | Found a staircase to the Ecumenical Temple.
  4496 | Temple   | Entered the Ecumenical Temple
  4594 | Temple   | Became a worshipper of Sif Muna the Loreminder
  4665 | D:5      | Noticed Duvessa
  4665 | D:5      | Noticed Dowan
  4668 | D:5      | Killed Dowan
  4675 | D:5      | Mangled by Duvessa

Illustrated notes

Levels and vault maps discovered:
D:1:      amcnicky_arrival_flooded_fountain, layout_loops_ring, serial_shops,
          nicolae_shop_window_shopping
D:2:      layout_basic, kennysheep_generic_room_11
D:3:      layout_rooms, nemelex_spade_bored_becter, lemuel_crystal_altar,
          dk_yredelemnul_ordeal, serial_shops, shop, minmay_misc_feat_five,
          uniq_robin
D:4:      layout_loops_ring, st_stairs_10
D:5:      layout_basic, minmay_temple_entry_offerings, serial_shops, shop,
          cheibrodos_gnoll_hut, uniq_duvessa, uniq_menkaure
Temple:   kb_temple_of_zot

Skill      XL: |  1  2  3  4  5  6 |
---------------+-------------------+-----
Fire Magic     | 3 4 |  4.6
Stealth        | 2 |  2.3
Conjurations   | 2 3 |  3.2
Dodging        | 2 3 |  3.1
Fighting       | 1 2 |  2.3
Axes           | 1 |  1.6
Armour         | 1 |  1.6
Spellcasting   | 3 |  3.5
Unarmed Combat | |  0.1

Action                     |  1- 3 |  4- 6 |  7- 9 || total
---------------------------+-------+-------+-------++-------
  Melee: Unarmed           |    25 |       |       ||    25
         War axe           |    12 |    41 |     6 ||    59
         Touch             |     3 |     4 |     2 ||     9
   Cast: Foxfire           |    56 |    35 |    14 ||   105
         Scorch            |       |    16 |     5 ||    21
    Use: Scroll            |       |     6 |     1 ||     7
         Potion            |       |       |     1 ||     1
 Armour: Robe              |     7 |       |       ||     7
         Leather armour    |     6 |    14 |     1 ||    21
  Dodge: Dodged            |    30 |    21 |     7 ||    58

Table legend: (Time is in decaauts)
 A = Elapsed time spent in this place.
 B = Non-inter-level travel time spent in this place.
 C = Inter-level travel time spent in this place.
 D = Time resting spent in this place.
 E = Time spent auto-exploring this place.
 F = Levels seen in this place.
 G = Mean time per level.
                   A        B        C        D        E       F      G
               +--------+--------+--------+--------+--------+-----+--------+
         Total |   4701 |   4527 |    174 |      0 |   3781 |   6 |  783.5 |
       Dungeon |   4585 |   4427 |    158 |      0 |   3701 |   5 |  917.0 |
        Temple |    115 |     99 |     16 |      0 |     80 |   1 |  115.0 |
               +--------+--------+--------+--------+--------+-----+--------+

Top non-repeatable levels by time:
     D:2: 1329 daAuts
     D:1: 1068 daAuts
     D:4: 868 daAuts
     D:3: 717 daAuts
     D:5: 602 daAuts
  Temple: 115 daAuts
